Map: Piazza Viola Neon LE

Players

JaviFH

  • Race: Terran Terran
  • Spawn Location: 5:00

Trebo - Winner!

  • Race: Protoss Protoss
  • League: Gold
  • Spawn Location: 11:00

VOD

Have the link to the VOD?

Description

Time

  • Played on: Nov. 22, 2017, 11:33 a.m.
  • Length: 9:52
Show
View Real Time Build Order
Export as new Build Order

JaviFH Terran 

Build Orders: MMM Bio 

Get SALT Encoding   

  12  0:01  SCV  
  13  0:13  SCV  
  14  0:20  Supply Depot  
  14  0:26  SCV  
  15  0:41  SCV  
  16  0:45  Barracks  
  16  0:54  SCV  
  16  0:56  Supply Depot  
  17  1:05  Refinery  
  17  1:06  SCV  
  18  1:18  SCV  
  19  1:22  Refinery  
  19  1:30  SCV  
  20  2:20  Factory  
  21  2:26  Reaper, Command Center  
  21  2:40  Engineering Bay  
  21  2:42  SCV, Supply Depot  
  22  2:54  SCV  
  23  3:05  Barracks Tech Lab  
  23  3:06  SCV  
  24  3:16  Starport, Widow Mine  
  26  3:24  SCV  
  27  3:32  Terran Infantry Weapons Level 1  
  27  3:36  SCV  
  27  3:39  Stimpack  
  27  3:40  Marine  
  29  3:44  Widow Mine  
  29  3:48  SCV  
  32  3:58  Medivac  
  35  4:12  Marauder  
  35  4:33  Marauder  
  37  4:43  Barracks  
  37  4:47  Barracks  
  37  4:54  Marauder  
  37  4:58  SCV  
  40  5:05  Orbital Command  
  40  5:11  SCV  
  41  5:23  SCV  
  41  5:26  Starport, Starport Tech Lab, Factory Reactor  
  42  5:35  SCV  
  38  6:32  Marauder  
  40  6:33  Marine  
  40  6:34  Marine  
  40  6:37  Banshee  
  40  6:38  Cloaking Field  
  45  6:42  Medivac  
  47  6:49  Refinery  
  47  6:50  Refinery, SCV, Marine  
  47  6:52  Marine  
  50  7:02  SCV  
  51  7:08  Marine  
  51  7:10  Marine  
  53  7:18  Supply Depot  
  53  7:26  Supply Depot  
  53  7:27  Marine  
  54  7:40  Banshee, Cyclone, Command Center  
  54  7:41  Supply Depot  
  61  7:45  Barracks Tech Lab  
  61  7:49  Combat Shields  
  60  7:51  Marine  
  60  7:52  Marine  
  60  7:56  Medivac  
  64  8:03  Supply Depot  
  64  8:09  Marine  
  64  8:10  Marine  
  66  8:22  Banshee  
  66  8:27  Marine  
  69  8:28  Marine  
  71  8:54  SCV  
  72  9:05  Banshee  
  72  9:07  Marine, SCV  
  77  9:19  SCV  
  77  9:25  Marine  
  77  9:31  SCV  
Show
View Real Time Build Order
Export as new Build Order

Trebo Protoss - Winner!

Build Orders: Blink Stalkers 

Get SALT Encoding   

  12  0:00  Probe  
  13  0:13  Probe (Chrono Boost)  
  14  0:19  Pylon  
  14  0:25  Probe (Chrono Boost)  
  15  0:37  Probe  
  15  0:39  Gateway  
  16  0:46  Assimilator  
  16  0:49  Probe  
  17  1:02  Probe (Chrono Boost)  
  18  1:14  Probe (Chrono Boost)  
  19  1:21  Probe (Chrono Boost)  
  20  1:26  Pylon  
  20  1:32  Cybernetics Core  
  20  1:34  Pylon  
  20  1:35  Zealot  
  20  1:39  Probe  
  23  1:51  Probe  
  24  2:03  Assimilator, Probe  
  25  2:08  Warp Gate  
  25  2:16  Twilight Council  
  25  2:24  Forge  
  25  2:28  Pylon  
  25  2:30  Probe  
  26  3:07  Nexus  
  26  3:09  Photon Cannon  
  26  3:15  Blink  
  26  3:21  Probe (Chrono Boost)  
  27  3:33  Probe (Chrono Boost)  
  28  3:35  Pylon, Probe  
  29  3:47  Probe  
  30  3:56  Templar Archives  
  30  3:59  Robotics Facility  
  30  4:12  Probe (Chrono Boost)  
  31  4:22  Probe (Chrono Boost)  
  31  4:30  Probe (Chrono Boost)  
  33  4:34  Probe (Chrono Boost)  
  33  4:40  Assimilator  
  33  4:41  Probe (Chrono Boost)  
  34  4:51  Probe (Chrono Boost)  
  36  4:52  Assimilator  
  36  4:54  Probe x2 (Chrono Boost)  
  36  4:58  Probe  
  38  5:02  Pylon  
  38  5:05  Probe  
  39  5:10  Probe  
  39  5:13  Immortal  
  44  5:17  Probe  
  44  5:21  Gateway  
  45  5:23  Gateway  
  45  5:25  Gateway  
  45  5:27  Probe  
  46  5:29  Probe  
  47  5:42  Pylon  
  47  5:45  Photon Cannon  
  38  5:53  Stalker  
  35  6:20  Stalker  
  37  6:27  Probe x2  
  39  6:34  Pylon  
  39  6:37  Photon Cannon  
  39  6:39  Probe (Chrono Boost)  
  41  6:40  Probe (Chrono Boost)  
  41  6:42  Photon Cannon  
  41  6:51  Probe (Chrono Boost)  
  41  6:52  Probe (Chrono Boost)  
  43  7:03  Stalker  
  43  7:04  Stalker x3  
  43  7:06  Protoss Shields Level 1  
  51  7:12  Psionic Storm  
  51  7:35  Probe (Chrono Boost)  
  53  7:37  Probe (Chrono Boost)  
  53  7:42  Photon Cannon  
  54  7:45  Photon Cannon, Probe (Chrono Boost)  
  54  7:53  Gateway  
  54  7:56  Robotics Facility  
  54  7:59  Forge  
  54  8:01  Forge  
  54  8:04  Pylon  
  54  8:08  High Templar  
  54  8:09  High Templar x3  
  62  8:18  Probe (Chrono Boost)  
  64  8:29  Probe (Chrono Boost)  
  64  8:32  Pylon  
  64  8:33  Observer (Chrono Boost)  
  65  8:35  Pylon  
  65  8:44  Warp Prism (Chrono Boost)  
  67  8:50  Nexus  
  67  9:00  High Templar x2  
  67  9:01  High Templar  
  73  9:05  High Templar  
  73  9:07  Archon  
  75  9:10  Archon  
Tags
 
Add a new tag
Caveats
  • Supply blocks, unpowered buildings, or Contaminate may cause inaccurate times.
  • Supply counts are checked every 10 seconds.